[Event "Cracovia Festival-A 2023"]
[Site "Krakow"]
[Date "2024.01.04"]
[Round "9.3"]
[White "Bogdanov, Egor"]
[Black "Janik, Igor"]
[Result "1-0"]
[ECO "B30"]
[WhiteElo "2394"]
[BlackElo "2514"]
[Annotator "TA"]
[PlyCount "105"]
[EventDate "2023.12.24"]
[EventType "swiss"]
[EventCountry "POL"]
[SourceTitle "playchess.com"]
[Source "ChessBase"]
[SourceQuality "1"]
[TimeControl "40/5400+30:1800+30"]

1. e4 c5 2. Nf3 Nc6 3. c3 Nf6 4. e5 Nd5 5. d4 cxd4 6. Bc4 Nb6 7. Bb3 d5 8. exd6 Qxd6 9. O-O Be6 10. Na3 Bxb3 11. Qxb3 Qd7 {[%emt 0:13:00] B22: Sicilian: 2 c3.} 12. Rd1 e6 13. Nxd4 (13. cxd4 Bxa3 14. Qxa3 Qe7 $11) 13... Nxd4 (13... Qc8 $11 {remains equal.}) 14. Rxd4 $16 Qc6 15. Nc4 $1 Bc5 (15... Be7 $16) 16. Ne5 $18 Qc8 17. Qb5+ Ke7 18. Rg4 {[%emt 0:04:58] [#]} (18. Bg5+ f6 19. Rg4 (19. Rf4 Bd6 $15 {[%mdl 64] Pin}) 19... a6 $11) 18... Kf8 $146 ({Predecessor:} 18... g6 19. Bf4 a6 20. Qd3 f6 21. b4 fxe5 22. Bxe5 Bxf2+ 23. Kxf2 Rf8+ 24. Kg1 Qc6 {½-½ Markovic,M (2505)-Ilincic,Z (2470) Kladovo zt 1993 (1)}) 19. Be3 Bxe3 20. fxe3 Qc7 21. Rf1 (21. Rd1 $1 $18 {Hoping for Nd7+.} Kg8 22. Nd7) 21... f6 $16 22. Nc4 {[%emt 0:08:38] White is much more active. The black rooks are badly placed.} (22. a4 $16) 22... Nd5 $14 23. e4 a6 24. Qb3 h5 25. Rg3 Nf4 (25... h4 $16 26. Rg4 Ne7) 26. Rgf3 $2 (26. Rxf4 $18 b5 27. Qb4+ Kg8 28. Nd6) 26... e5 27. g3 Nh3+ (27... Qc5+ $2 28. Kh1 Ne6 29. Nb6 $18) 28. Kg2 Ng5 (28... b5 $142) 29. Rf5 $1 $16 Nf7 30. Nb6 Rd8 31. Nd5 Qc6 (31... Rxd5 $16 32. Qxd5 Ke7) 32. Qb4+ $2 (32. Nxf6 $1 $18 gxf6 33. Rxf6 Qxe4+ 34. Kg1 Qe3+ 35. Kh1 Qe4+ 36. R1f3) 32... Qd6 $2 (32... Rd6 $14) 33. Qc4 $2 (33. Qxb7 $18 {[%cal Rd5f6] Threatens to win with Nxf6!} Rh6 34. h4) 33... Rh6 34. h4 $36 {[%emt 0:01:12][%mdl 2048] White has some pressure.} Qc6 35. Qe2 Rd6 36. Rxh5 Rxh5 37. Qxh5 Qc4 38. Qf5 (38. Qf3 $16) 38... Nh6 {[%emt 0:01:32] Prevents g4} ({Black should try} 38... Qxa2 $14 39. Qc8+ Nd8) 39. Qf3 $1 (39. Qxe5 $2 {too greedy.} Qxf1+ 40. Kxf1 fxe5 $19) 39... Qxa2 $2 {[%emt 0:01:11] [#]} (39... Qc8 $16 40. b3 Ng4) 40. g4 $1 $18 Qxb2+ 41. Rf2 Qb5 42. g5 Ng8 {[%emt 0:00:41] [#]} 43. h5 $1 Qe8 44. c4 Qe6 {[%emt 0:04:43] [#]} 45. h6 $1 {[%emt 0:03:45][%mdl 576] Deflection} gxh6 46. gxf6 {[%emt 0:02:32] And now Qg3 would win.} ({Inferior is} 46. Nxf6 Nxf6 47. gxf6 Qg8+ 48. Kh2 Qg5 $11) 46... Rd7 (46... b6 $142 47. Kg1 Qf7) 47. Qa3+ Ke8 48. Qg3 Kf8 49. Rf5 Qc6 $2 (49... Qd6 50. Rxe5 Nxf6 51. Nxf6 Qd2+ 52. Kh3 (52. Kh1 $2 Qd1+ 53. Kh2 Rd2+ 54. Kh3 Qh1+ 55. Kg4 Rg2 $19) 52... Rd3) 50. Qxe5 {[%emt 0:03:10] White is clearly winning.} a5 {[%emt 0:06:12] Black is weak on the dark squares} 51. Rf3 {[%emt 0:03:44] aiming for Qb8+.} a4 52. Rg3 {White wants to mate with Qb8+.} Qd6 {[#] Prevents Qb8+.} 53. f7 $1 {[%emt 0:02:01][%mdl 576] Decoy. An entertaining game by Bogdanov.   Weighted Error Value: White=0.41/Black=0.46} 1-0

[Event "Cracovia Festival-A 2023"]
[Site "Krakow"]
[Date "2024.01.04"]
[Round "9.4"]
[White "Puranik, Abhimanyu"]
[Black "Aakash Sharadchandra, Dalvi"]
[Result "1-0"]
[ECO "D31"]
[WhiteElo "2627"]
[BlackElo "2130"]
[Annotator "TA"]
[PlyCount "89"]
[EventDate "2023.12.24"]
[EventType "swiss"]
[EventCountry "POL"]
[SourceTitle "playchess.com"]
[Source "ChessBase"]
[SourceQuality "1"]
[TimeControl "40/5400+30:1800+30"]

1. c4 e6 2. Nc3 d5 3. d4 a6 4. cxd5 exd5 5. Bf4 Nf6 6. e3 {[%emt 0:00:15] D31: Queen's Gambit Declined: Semi-Slav without ...Nf6 (+ Marshall Gambit and Noteboom) and Exchange Variation lines without ...Nf6.} Bd6 7. Bg5 c6 8. Bd3 {[%emt 0:00:26] The position is equal.} Nbd7 9. Nf3 $5 {[%emt 0:04:04][%mdl 4] [#] An interesting side line.} h6 $146 ({Predecessor:} 9... O-O 10. Qc2 h6 11. Bh4 Be7 12. O-O-O Re8 13. Bg3 Bb4 14. Kb1 Qa5 15. Nd2 Bxc3 16. Qxc3 Qxc3 17. bxc3 c5 18. Rhe1 b5 19. f3 Nb6 {1-0 Grebnev,A (2500)-Triapishko,A (2499) Khanty-Mansiysk TOP 28 Rapid GP 2023 (1)}) 10. Bf4 Qe7 11. O-O O-O 12. Qc2 Re8 13. Rac1 Nf8 14. Bxd6 Qxd6 15. Na4 Be6 16. Nc5 Re7 17. h3 Rae8 18. b4 Bc8 19. a4 N8d7 20. b5 cxb5 21. axb5 a5 22. Nxd7 Nxd7 23. Qa2 b6 24. Rc6 {[%emt 0:00:20][%mdl 64] Deflection} Qb8 25. Qxd5 Bb7 {[%emt 0:01:01] [#]} 26. Qb3 Bxc6 $16 27. bxc6 Nf6 {[%emt 0:01:03][%cal Bd7f6,Bf6e8,Be8d6][%mdl 32] Black is weak on the light squares} 28. Ne5 {[%emt 0:00:48][%mdl 1024] White has strong compensation.} Qc7 29. Rb1 Rb8 30. Qb5 Qd8 (30... Kf8 $142) 31. Bc4 Ne8 32. Ba2 (32. Qa4 $16) 32... Nd6 $14 33. Qd5 (33. Qd3 $16) 33... b5 34. e4 Qc7 35. Nd7 Rc8 36. Nb6 $1 $36 {[%emt 0:05:36][%mdl 2112] Deflection. White is pushing. Really sharp!} Qxb6 37. Qxd6 Rxe4 {[%emt 0:00:08] [#]} (37... Ra7 $11 {and Black is okay.} 38. d5 b4) 38. Bxf7+ $1 $18 {[%emt 0:00:30][%cal Ba2f7,Bf7h5,Bh5g4][%mdl 608] Decoy} Kh8 {[%emt 0:00:14] [#]} 39. d5 {[%emt 0:03:54] aiming for Bg6.} Re2 {[%emt 0:01:02] [#]} 40. Qf4 {[%emt 0:00:00] Rc1 would be deadly. Active counter play!} b4 $2 {[%emt 0:00:00][%mdl 8192] A mistake that costs the game.} (40... Rf8 $16 41. c7 Rxf2 {[%mdl 64] Decoy} 42. Qxf2 Qxf2+ {[%mdl 64] Remove Defender} 43. Kxf2 Rxf7+ 44. Ke3 Rxc7) 41. Bh5 {[%emt 0:12:39] White is clearly winning.} Ra2 42. Bg4 Ra8 (42... Rg8 $142 43. c7 Rxf2 44. Qxf2 Qxc7) 43. Re1 Qc5 44. c7 {[%emt 0:01:49] Black must now prevent d6.} b3 45. d6 {[%emt 0:01:28] A cool game by Puranik.   Weighted Error Value: White=0.30/Black=0.33} ({Worse is} 45. c8=B Rxc8 46. Bxc8 Qxc8 $11) 1-0

[Event "Cracovia Festival-A 2023"]
[Site "Krakow"]
[Date "2024.01.04"]
[Round "9.5"]
[White "Polak, Tomas"]
[Black "Podolskyi, Mykhailo"]
[Result "1-0"]
[ECO "A06"]
[WhiteElo "2517"]
[BlackElo "2177"]
[Annotator "TA"]
[PlyCount "83"]
[EventDate "2023.12.24"]
[EventType "swiss"]
[EventCountry "POL"]
[SourceTitle "playchess.com"]
[Source "ChessBase"]
[SourceQuality "1"]
[TimeControl "40/5400+30:1800+30"]

1. Nf3 d5 2. c4 c6 3. e3 Nf6 4. Nc3 e6 5. b3 Nbd7 6. Bb2 Bd6 7. Qc2 O-O 8. Rg1 {[%emt 0:00:16] A11: English Opening: 1...c6.} e5 9. cxd5 Nxd5 10. Ne4 {[%emt 0:00:14] The position is equal.} Bc7 {[%emt 0:02:12] ...f5 would be deadly.} 11. g4 Re8 12. g5 {[%emt 0:04:38] Dodges N7f6} (12. Neg5 N7f6 13. e4 Nb6 $17) 12... Nf8 13. h4 (13. Rc1 $5) 13... Bf5 14. h5 Ne6 $1 {[%emt 0:06:53][%cal Oe6d4] [#]} 15. Nh4 $146 (15. a3 $11) ({Predecessor:} 15. Rc1 Nd4 16. Bxd4 exd4 17. Nf6+ Nxf6 18. Qxf5 Ne4 19. g6 fxg6 20. hxg6 dxe3 21. fxe3 h6 22. Qf7+ Kh8 23. Rh1 Bg3+ 24. Ke2 {1-0 Docx,S (2488)-Gagunashvili,M (2556) EU-chT (Men) 19th 2013 (1.14)}) 15... Bxe4 (15... Nxg5 $19 16. f3 Nb4) 16. Qxe4 $11 Nxg5 17. Qg2 h6 18. Nf3 Nb4 {[%emt 0:12:19] aiming for ...Nc2+. A dynamic duo of knights.} (18... f6 {simplifies} 19. Nxg5 fxg5 20. Qe4 Qd6) 19. Kd1 {[%emt 0:07:20][%cal Rf3g5] Dodges Nc2} f6 20. Nxg5 fxg5 ({But not} 20... hxg5 21. Qe4 Qd6 22. Bc4+ Kh8 23. Qg6 $16) 21. Qe4 Nd5 (21... a5 {with more complications.} 22. Bc4+ Nd5 23. Qg6 Qe7) 22. Kc2 Qe7 23. Bc4 Rad8 24. Rad1 Kh8 25. Kb1 Rf8 26. f3 Nf6 27. Qc2 ({White should try} 27. Qg6 $15) 27... Qe8 28. Rh1 a5 29. Bd3 Nd5 {[%emt 0:01:03] Strongly threatening ...Nb4.} 30. Bg6 Qd7 31. Qe4 Ne7 (31... a4 $17 32. bxa4 Ra8) 32. d4 $15 Nxg6 (32... Qd6 $15) 33. hxg6 $11 Qd5 34. Qxd5 cxd5 35. dxe5 {[%emt 0:00:06] Hoping for e6.} Rxf3 $2 {[%emt 0:00:38] [#]} (35... Kg8 $1 $11) 36. e6 $2 ({White must play} 36. e4 $1 $18 ) 36... Kg8 $1 $14 (36... Rxe3 $2 37. Rxh6+ Kg8 38. Rh7 $18) 37. e4 ({Much weaker is} 37. e7 Re8 $11) 37... dxe4 (37... d4 $1 $11 {and Black is okay.}) 38. e7 $18 Re8 39. Rd7 Bb6 {[%emt 0:00:35] [#]} 40. Rhd1 {[%emt 0:00:00] Prevents Rd3. And now Ba3 would win.} Rd3 (40... e3 $18) 41. Rd2 $4 (41. R1xd3 {is the narrow road to win.} exd3 42. Bd4 Rxe7 43. Rxe7 Kf8 44. Rf7+ (44. Bxb6 Kxe7 45. Bd4 Ke6 $16) 44... Ke8 45. Bxb6 h5 46. Rxg7) 41... Rxd7 $4 (41... Rxd2 $19 42. Rxd2 Rxe7) 42. Rxd7 {[%emt 0:00:23] Weighted Error Value: White=0.36/Black=0.49} 1-0

[Event "Cracovia Festival-A 2023"]
[Site "Krakow"]
[Date "2024.01.04"]
[Round "9.6"]
[White "Baumegger, Siegfried"]
[Black "Soffer, Ram"]
[Result "1/2-1/2"]
[ECO "A04"]
[WhiteElo "2388"]
[BlackElo "2444"]
[Annotator "RC"]
[PlyCount "124"]
[EventDate "2023.12.24"]
[EventType "swiss"]
[EventCountry "POL"]
[SourceTitle "playchess.com"]
[Source "ChessBase"]
[SourceQuality "1"]
[TimeControl "40/5400+30:1800+30"]

1. Nf3 c5 2. b3 d5 3. e3 Nf6 4. Bb2 g6 5. c4 dxc4 6. Bxc4 Bg7 7. O-O O-O 8. d4 cxd4 9. Nxd4 Bd7 10. Qe2 Nc6 11. Rd1 Nxd4 12. Bxd4 Qc7 13. Rc1 Bc6 14. Nd2 Rac8 15. a4 Qb8 16. b4 b6 17. Nb3 e5 18. Bb2 Ne4 19. b5 Bb7 20. Rd1 Nd6 21. Bd5 Bxd5 22. Rxd5 Nc4 23. Rad1 Nxb2 24. Qxb2 Rfd8 25. Rxd8+ Rxd8 26. Rxd8+ Qxd8 27. Qc2 e4 28. g3 h5 29. Kg2 f5 30. h4 Kh7 31. Nc1 Be5 32. Ne2 Qd3 33. Qa2 Kg7 34. Ng1 Qd7 35. Nh3 Qf7 36. Qc2 Qc7 37. Qd2 Bc3 38. Qd5 Qf7 39. Qc6 Be5 40. Ng5 Qe7 41. Qd5 Bf6 42. Ne6+ Kh7 43. Qc6 Be5 44. Qc8 Bf6 45. Nf4 Qf7 46. Qc6 Be5 47. Ne6 Qe7 48. Qd5 Bf6 49. Qc4 Be5 50. Kg1 Kh6 51. Kf1 Kh7 52. Kg2 Kh6 53. Qc8 Kh7 54. Nd8 Bg7 55. Ne6 Bf6 56. Nf4 Qf7 57. Qa8 Be5 58. Nd5 Bg7 59. Qd8 Qe6 60. Nc7 Qf7 61. Qc8 Bf6 62. Ne6 Qe7 1/2-1/2

[Event "Cracovia Festival-A 2023"]
[Site "Krakow"]
[Date "2024.01.04"]
[Round "9.7"]
[White "Szczurek, Krzysztof"]
[Black "Golubka, Petro"]
[Result "1-0"]
[ECO "B06"]
[WhiteElo "2175"]
[BlackElo "2440"]
[Annotator "RC"]
[PlyCount "45"]
[EventDate "2023.12.24"]
[EventType "swiss"]
[EventCountry "POL"]
[SourceTitle "playchess.com"]
[Source "ChessBase"]
[SourceQuality "1"]
[TimeControl "40/5400+30:1800+30"]

1. e4 g6 2. Nf3 Bg7 3. d4 c6 4. Nc3 d5 5. Be2 Bg4 6. Be3 e6 7. Qd2 Nd7 8. h3 Bxf3 9. Bxf3 Ne7 10. O-O-O a5 11. h4 h6 12. exd5 exd5 13. Rde1 Nb6 14. Be2 Qd7 15. Bf4 a4 16. g4 a3 17. b3 f6 18. Bd3 Kf7 19. h5 g5 20. Rxe7+ Qxe7 21. Re1 Qb4 22. Bg6+ Kf8 23. Qe3 1-0

[Event "Cracovia Festival-A 2023"]
[Site "Krakow"]
[Date "2024.01.04"]
[Round "9.8"]
[White "Cukrowski, Filip"]
[Black "Kulkarni Bhakti"]
[Result "1/2-1/2"]
[ECO "E04"]
[WhiteElo "2402"]
[BlackElo "2364"]
[Annotator "RC"]
[PlyCount "86"]
[EventDate "2023.12.24"]
[EventType "swiss"]
[EventCountry "POL"]
[SourceTitle "playchess.com"]
[Source "ChessBase"]
[SourceQuality "1"]
[TimeControl "40/5400+30:1800+30"]

1. d4 Nf6 2. c4 e6 3. Nf3 d5 4. g3 dxc4 5. Bg2 c6 6. O-O b5 7. b3 cxb3 8. Qxb3 Bb7 9. Nc3 a5 10. Rd1 Be7 11. Ne5 a4 12. Qc2 Qa5 13. Bg5 Nd5 14. Ne4 Nb4 15. Bxe7 Nxc2 16. Bc5 Qc7 17. Rac1 Nxd4 18. Rxd4 Qxe5 19. Nd6+ Qxd6 20. Bxd6 f6 21. Rcd1 e5 22. Bxe5 O-O 23. Bf4 Na6 24. Rd7 Nc5 25. Rxb7 Nxb7 26. Bxc6 Rad8 27. Rc1 Nd6 28. Rd1 Nf5 29. Rxd8 Rxd8 30. Bxb5 g5 31. Bc7 Rd1+ 32. Kg2 a3 33. Bc4+ Kg7 34. Ba5 Rc1 35. Bd3 Nd4 36. Bd2 Ra1 37. Bc3 Rxa2 38. Bxd4 Rd2 39. h4 gxh4 40. g4 h6 41. f4 Kf7 42. Bc4+ Kg7 43. Bd3 Kf7 1/2-1/2

[Event "Cracovia Festival-A 2023"]
[Site "Krakow"]
[Date "2024.01.04"]
[Round "9.9"]
[White "Dzida, Kamil"]
[Black "Kozak, Antoni"]
[Result "1/2-1/2"]
[ECO "B30"]
[WhiteElo "2396"]
[BlackElo "2442"]
[Annotator "RC"]
[PlyCount "97"]
[EventDate "2023.12.24"]
[EventType "swiss"]
[EventCountry "POL"]
[SourceTitle "playchess.com"]
[Source "ChessBase"]
[SourceQuality "1"]
[TimeControl "40/5400+30:1800+30"]

1. e4 c5 2. Nf3 Nc6 3. Bb5 e6 4. O-O Nge7 5. Re1 Nd4 6. Nxd4 cxd4 7. c3 Nc6 8. Na3 a6 9. Bf1 Bd6 10. cxd4 Nxd4 11. d3 b5 12. Be3 Qf6 13. Nc2 Nxc2 14. Qxc2 Bb7 15. Rec1 O-O 16. Qd2 Qe7 17. f4 f5 18. e5 Bb4 19. Qf2 Rfc8 20. a3 Ba5 21. Bb6 Bxb6 22. Qxb6 Bc6 23. Rc2 g5 24. Qe3 gxf4 25. Qxf4 Kh8 26. Be2 Qg7 27. g3 Rg8 28. Rac1 Raf8 29. Rf1 Qe7 30. Qd4 Rc8 31. Rc3 Qg5 32. Qf4 Qxf4 33. Rxf4 Bd5 34. a4 bxa4 35. Rxc8 Rxc8 36. Rxa4 Rc2 37. Kf2 Bb7 38. Rb4 Bc6 39. Ke3 Bb5 40. h4 Kg7 41. Bf3 Kf7 42. g4 fxg4 43. Bxg4 Ke7 44. Be2 d6 45. exd6+ Kxd6 46. Rd4+ Ke5 47. Re4+ Kd6 48. Rd4+ Ke5 49. Re4+ 1/2-1/2

[Event "Cracovia Festival-A 2023"]
[Site "Krakow"]
[Date "2024.01.04"]
[Round "9.10"]
[White "Kucza, Karol"]
[Black "Schwabeneder, Florian"]
[Result "1/2-1/2"]
[ECO "B07"]
[WhiteElo "2343"]
[BlackElo "2402"]
[Annotator "RC"]
[PlyCount "70"]
[EventDate "2023.12.24"]
[EventType "swiss"]
[EventCountry "POL"]
[SourceTitle "playchess.com"]
[Source "ChessBase"]
[SourceQuality "1"]
[TimeControl "40/5400+30:1800+30"]

1. e4 d6 2. d4 Nf6 3. Nc3 g6 4. Bg5 Bg7 5. Qd2 h6 6. Bh4 c6 7. f4 b5 8. Bd3 O-O 9. Nf3 b4 10. Ne2 a5 11. O-O d5 12. e5 Ne4 13. Qe3 f6 14. Be1 f5 15. a3 bxa3 16. Rxa3 Qb6 17. b4 a4 18. c3 Ra7 19. Bh4 Ba6 20. Rfa1 Bb5 21. Bc2 e6 22. Nc1 Rff7 23. Nd3 Nd7 24. Nb2 g5 25. Bf2 gxf4 26. Qe1 Qb8 27. Nd3 Bxd3 28. Bxd3 Nb6 29. Qc1 Bf8 30. Qxf4 Rg7 31. Qc1 Qe8 32. Be3 Qg6 33. R1a2 Kh7 34. Ne1 Be7 35. g3 Bg5 1/2-1/2

[Event "Cracovia Festival-A 2023"]
[Site "Krakow"]
[Date "2024.01.04"]
[Round "9.11"]
[White "Ashwath, R.."]
[Black "Akhvlediani, Irakli"]
[Result "1/2-1/2"]
[ECO "A46"]
[WhiteElo "2284"]
[BlackElo "2359"]
[Annotator "RC"]
[PlyCount "21"]
[EventDate "2023.12.24"]
[EventType "swiss"]
[EventCountry "POL"]
[SourceTitle "playchess.com"]
[Source "ChessBase"]
[SourceQuality "1"]
[TimeControl "40/5400+30:1800+30"]

1. d4 Nf6 2. Nf3 e6 3. Bf4 d5 4. e3 Bd6 5. Bxd6 Qxd6 6. c4 a6 7. Nbd2 b6 8. Bd3 Bb7 9. Qb3 Ra7 10. O-O Nbd7 11. Qc2 1/2-1/2

[Event "Cracovia Festival-A 2023"]
[Site "Krakow"]
[Date "2024.01.04"]
[Round "9.12"]
[White "Lewicki, Miroslaw"]
[Black "Klepek, Witold"]
[Result "1-0"]
[ECO "C07"]
[WhiteElo "2321"]
[BlackElo "2252"]
[Annotator "RC"]
[PlyCount "93"]
[EventDate "2023.12.24"]
[EventType "swiss"]
[EventCountry "POL"]
[SourceTitle "playchess.com"]
[Source "ChessBase"]
[SourceQuality "1"]
[TimeControl "40/5400+30:1800+30"]

1. e4 e6 2. d4 d5 3. Nd2 c5 4. exd5 Qxd5 5. Ngf3 cxd4 6. Bc4 Qd6 7. O-O Nf6 8. Nb3 Nc6 9. Nbxd4 Nxd4 10. Nxd4 a6 11. Bg5 Qc5 12. Bxf6 gxf6 13. Bd3 Bd7 14. c3 O-O-O 15. Qf3 f5 16. b4 Qb6 17. a4 Bg7 18. a5 Qd6 19. b5 Bxd4 20. cxd4 axb5 21. Rfc1+ Kb8 22. d5 Qxd5 23. Qxd5 exd5 24. Rc5 d4 25. f3 Rhe8 26. Kf2 f6 27. Rd5 Kc7 28. Rc1+ Bc6 29. Rxf5 Ra8 30. Rxb5 Re5 31. Rxe5 fxe5 32. a6 Kd6 33. axb7 Bxb7 34. Bxh7 Ra2+ 35. Rc2 Rxc2+ 36. Bxc2 Ke7 37. g4 Bc6 38. h4 Bb5 39. Be4 Bc4 40. h5 Kf8 41. h6 Kg8 42. g5 Kh8 43. g6 Bb3 44. Bd3 Bd5 45. Kg3 Kg8 46. Kg4 Kh8 47. Kg5 1-0

[Event "Cracovia Festival-A 2023"]
[Site "Krakow"]
[Date "2024.01.04"]
[Round "9.13"]
[White "Jaskolka, Tomasz"]
[Black "Suder, Jakub"]
[Result "0-1"]
[ECO "D21"]
[WhiteElo "2222"]
[BlackElo "2312"]
[Annotator "RC"]
[PlyCount "108"]
[EventDate "2023.12.24"]
[EventType "swiss"]
[EventCountry "POL"]
[SourceTitle "playchess.com"]
[Source "ChessBase"]
[SourceQuality "1"]
[TimeControl "40/5400+30:1800+30"]

1. d4 d5 2. c4 dxc4 3. Nf3 a6 4. e3 Bg4 5. Bxc4 e6 6. h3 Bh5 7. Nc3 Nf6 8. O-O Nc6 9. Re1 Be7 10. g4 Bg6 11. e4 O-O 12. Bb3 h6 13. a3 Bh7 14. Bc2 Re8 15. Be3 Bf8 16. Qd2 Nd7 17. Rad1 e5 18. d5 Na5 19. Qe2 b5 20. g5 Nc4 21. gxh6 Nxe3 22. Qxe3 Bc5 23. Qc1 Qf6 24. Rd3 gxh6 25. Kh2 Kh8 26. b4 Bd6 27. Rg1 Rg8 28. Rg3 Rae8 29. Kg2 Rg7 30. Nh2 Qf4 31. Qe1 Qh4 32. Rxg7 Kxg7 33. Rg3+ Kh8 34. f3 f5 35. Kf1 Qh5 36. Kg2 Nf6 37. Qf2 f4 38. Rg4 Nxg4 39. hxg4 Qg5 40. Kf1 Bg6 41. Nd1 Ra8 42. Qe1 Be8 43. Bb3 Bd7 44. Kg2 h5 45. Nf2 Qh4 46. Nd3 Qxe1 47. Nxe1 hxg4 48. Nxg4 Bxg4 49. fxg4 a5 50. Nc2 Kg7 51. Kf3 Kf6 52. Kg2 Kg5 53. Kf3 axb4 54. axb4 Rh8 0-1

[Event "Cracovia Festival-A 2023"]
[Site "Krakow"]
[Date "2024.01.04"]
[Round "9.14"]
[White "Anwesh, Upadhyaya"]
[Black "Dziewonski, Dariusz"]
[Result "1/2-1/2"]
[ECO "B33"]
[WhiteElo "2350"]
[BlackElo "2224"]
[Annotator "RC"]
[PlyCount "70"]
[EventDate "2023.12.24"]
[EventType "swiss"]
[EventCountry "POL"]
[SourceTitle "playchess.com"]
[Source "ChessBase"]
[SourceQuality "1"]
[TimeControl "40/5400+30:1800+30"]

1. e4 c5 2. Nc3 e6 3. Nge2 Nc6 4. d4 cxd4 5. Nxd4 Nf6 6. Ndb5 d6 7. Bf4 e5 8. Bg5 a6 9. Na3 b5 10. Bxf6 gxf6 11. Nd5 Bg7 12. c3 f5 13. exf5 Bxf5 14. Nc2 O-O 15. Nce3 Be6 16. Bd3 Ne7 17. Nxe7+ Qxe7 18. Qh5 h6 19. Nf5 Bxf5 20. Qxf5 e4 21. Bxe4 Rfe8 22. f3 d5 23. Qxd5 Rad8 24. Qf5 Qa7 25. Ke2 Re5 26. Qh7+ Kf8 27. Rhd1 Rde8 28. Kf1 Qc7 29. Rd3 Rh5 30. Rad1 Rxh2 31. Rd7 Qg3 32. Rxf7+ Kxf7 33. Qf5+ Kg8 34. Qh7+ Kf7 35. Qf5+ Kg8 1/2-1/2

[Event "Cracovia Festival-A 2023"]
[Site "Krakow"]
[Date "2024.01.04"]
[Round "9.15"]
[White "Piekielny, Pawel"]
[Black "Sieciechowicz, Marcin"]
[Result "0-1"]
[ECO "B50"]
[WhiteElo "2250"]
[BlackElo "2391"]
[Annotator "RC"]
[PlyCount "88"]
[EventDate "2023.12.24"]
[EventType "swiss"]
[EventCountry "POL"]
[SourceTitle "playchess.com"]
[Source "ChessBase"]
[SourceQuality "1"]
[TimeControl "40/5400+30:1800+30"]

1. e4 c5 2. Nf3 d6 3. c3 Nf6 4. Be2 g6 5. O-O Bg7 6. Bb5+ Nc6 7. d4 O-O 8. Re1 cxd4 9. cxd4 Bg4 10. Bxc6 bxc6 11. Nc3 Qb6 12. Na4 Qb5 13. b3 Nd7 14. Bb2 Nb6 15. Nxb6 axb6 16. a4 Qh5 17. h3 Be6 18. Rc1 c5 19. Bc3 Rad8 20. d5 Bc8 21. Bxg7 Kxg7 22. Nd2 Qxd1 23. Rcxd1 Ba6 24. e5 dxe5 25. Rxe5 Rd7 26. a5 bxa5 27. Ne4 Rc8 28. d6 exd6 29. Rxd6 Rxd6 30. Nxd6 Rd8 31. Ne8+ Kf8 32. Nf6 Rd6 33. Re8+ Kg7 34. Ne4 Rd1+ 35. Kh2 Re1 36. f3 Bf1 37. Ra8 Re2 38. Kg3 Rxg2+ 39. Kf4 Rb2 40. h4 Rxb3 41. Nxc5 Rb5 42. Ne4 Rf5+ 43. Ke3 Bc4 44. Nd6 Rxf3+ 0-1

[Event "Cracovia Festival-A 2023"]
[Site "Krakow"]
[Date "2024.01.04"]
[Round "9.16"]
[White "Fodor, Balazs"]
[Black "Steindl, Johannes"]
[Result "1/2-1/2"]
[ECO "E46"]
[WhiteElo "2225"]
[BlackElo "2334"]
[Annotator "RC"]
[PlyCount "75"]
[EventDate "2023.12.24"]
[EventType "swiss"]
[EventCountry "POL"]
[SourceTitle "playchess.com"]
[Source "ChessBase"]
[SourceQuality "1"]
[TimeControl "40/5400+30:1800+30"]

1. d4 Nf6 2. c4 e6 3. Nc3 Bb4 4. e3 O-O 5. Bd2 b6 6. Nf3 Bb7 7. Bd3 c5 8. a3 Bxc3 9. Bxc3 cxd4 10. exd4 d5 11. b3 a5 12. a4 Nc6 13. O-O Qe7 14. Rc1 Rac8 15. Qe2 Nb4 16. Ne5 Rc7 17. Bb1 Rfc8 18. Rfd1 Ba6 19. Bb2 Qe8 20. Ng4 Nxg4 21. Qxg4 dxc4 22. bxc4 Rxc4 23. Rxc4 Rxc4 24. Qh3 Qxa4 25. Qxh7+ Kf8 26. Re1 Nd5 27. Bc1 Qb4 28. Rf1 Rxd4 29. Qh8+ Ke7 30. Bg5+ Nf6 31. Qxg7 Bxf1 32. Bxf6+ Kd6 33. Qf8+ Kc6 34. Qc8+ Kb5 35. Qe8+ Ka6 36. Qa8+ Kb5 37. Qe8+ Ka6 38. Qa8+ 1/2-1/2

[Event "Cracovia Festival-A 2023"]
[Site "Krakow"]
[Date "2024.01.04"]
[Round "9.17"]
[White "Sernecki, Franciszek"]
[Black "Ernst, Robert"]
[Result "1-0"]
[ECO "D10"]
[WhiteElo "2325"]
[BlackElo "2271"]
[Annotator "RC"]
[PlyCount "107"]
[EventDate "2023.12.24"]
[EventType "swiss"]
[EventCountry "POL"]
[SourceTitle "playchess.com"]
[Source "ChessBase"]
[SourceQuality "1"]
[TimeControl "40/5400+30:1800+30"]

1. d4 d5 2. c4 c6 3. Nc3 Nf6 4. e3 Bf5 5. cxd5 cxd5 6. Qb3 Nc6 7. Qxb7 Bd7 8. Qb3 Rb8 9. Qd1 e5 10. Nf3 Bd6 11. dxe5 Nxe5 12. Nd4 O-O 13. Be2 Qe7 14. O-O Rfc8 15. Ndb5 Neg4 16. h3 Ne5 17. a3 Ng6 18. Nxd6 Qxd6 19. Qd4 Ne7 20. Rd1 Nc6 21. Qd3 Be6 22. e4 d4 23. Nb5 Rxb5 24. Qxb5 Nxe4 25. Bf3 f5 26. Bxe4 fxe4 27. b4 Ne5 28. Bb2 Nd3 29. Rxd3 exd3 30. Qxd3 a5 31. bxa5 Ra8 32. Qxd4 Qxd4 33. Bxd4 Rxa5 34. Bc3 Rg5 35. Kh2 Rc5 36. Be1 Kf7 37. a4 Bc8 38. a5 Rc6 39. Bd2 g6 40. Be3 Ke6 41. g4 h5 42. gxh5 gxh5 43. Rg1 Ba6 44. Rg6+ Kd7 45. Rxc6 Kxc6 46. Kg3 Kd7 47. Kf4 Ke8 48. h4 Kf7 49. Kg5 Be2 50. f4 Kg7 51. f5 Kf7 52. f6 Bf1 53. Bd4 Be2 54. Bc3 1-0

[Event "Cracovia Festival-A 2023"]
[Site "Krakow"]
[Date "2024.01.04"]
[Round "9.18"]
[White "Eke, Salih"]
[Black "Ongut, Tamas Gunes"]
[Result "1/2-1/2"]
[ECO "D30"]
[WhiteElo "2217"]
[BlackElo "2313"]
[Annotator "RC"]
[PlyCount "107"]
[EventDate "2023.12.24"]
[EventType "swiss"]
[EventCountry "POL"]
[SourceTitle "playchess.com"]
[Source "ChessBase"]
[SourceQuality "1"]
[TimeControl "40/5400+30:1800+30"]

1. d4 d5 2. c4 e6 3. Nf3 c6 4. e3 f5 5. Nc3 Nd7 6. Be2 Nh6 7. O-O Bd6 8. Ne1 g5 9. f4 g4 10. Nd3 Nf7 11. Ne5 Ndxe5 12. fxe5 Be7 13. Bd3 Ng5 14. Ne2 O-O 15. Nf4 b5 16. cxb5 cxb5 17. Bd2 b4 18. a3 bxa3 19. bxa3 a5 20. Qe2 Kh8 21. Rfc1 Rg8 22. Kh1 Ne4 23. Bxe4 fxe4 24. Be1 Ba6 25. Qd2 Qd7 26. Bg3 Rgc8 27. Rxc8+ Qxc8 28. Nh5 Rb8 29. Qf2 Qf8 30. Nf6 Bxa3 31. Bf4 Qg7 32. Qh4 Be7 33. h3 g3 34. Bxg3 Rg8 35. Kh2 Bd8 36. Rb1 Bc4 37. Rb8 Bxf6 38. exf6 Qf7 39. Rxg8+ Kxg8 40. Qg4+ Kh8 41. Be5 h5 42. Qd1 Bb5 43. Qb3 Be8 44. Qb8 Kh7 45. g4 hxg4 46. hxg4 a4 47. Kg3 Kg6 48. Qd6 Kh7 49. Qb8 Kg6 50. Qd8 Kh7 51. g5 Qh5 52. Qe7+ Bf7 53. Bf4 Qf3+ 54. Kh2 1/2-1/2